[Event "African Games-chT 2019"]
[Site "Casablanca"]
[Date "2019.08.25"]
[Round "7.21"]
[White "Gohil, Mehul"]
[Black "Adu, Oladapo"]
[Result "0-1"]
[ECO "D11"]
[WhiteElo "2076"]
[BlackElo "2273"]
[Annotator "ChessBase"]
[PlyCount "96"]
[EventDate "2019.08.24"]
[EventType "team-tourn"]
[EventCountry "MAR"]
[SourceTitle "playchess.com"]
[Source "ChessBase"]
[SourceQuality "1"]
[WhiteTeam "Kenya"]
[BlackTeam "Nigeria"]
[WhiteTeamCountry "KEN"]
[BlackTeamCountry "NGR"]
[TimeControl "900+10"]

1. d4 d5 2. c4 c6 3. Nf3 Nf6 4. e3 a6 5. b3 Bf5 6. Bb2 e6 7. Be2 Bxb1 8. Qxb1 Bb4+ 9. Kf1 Ne4 10. a3 Bd6 11. g3 O-O 12. Kg2 f5 13. Ne5 Nd7 14. f3 Nef6 15. Re1 Qc7 16. Nxd7 Qxd7 17. Bd3 g6 18. Qc2 Rae8 19. Rad1 Qe7 20. b4 Nh5 21. Bc1 Qc7 22. Kg1 Qg7 23. Bf1 Nf6 24. Bg2 h5 25. Bb2 h4 26. gxh4 Qh6 27. e4 Nh5 28. e5 Be7 29. Bc1 f4 30. Bf1 Bxh4 31. Re2 Kf7 32. Rg2 Bd8 33. Bd3 Rg8 34. Kf2 Bb6 35. c5 Bd8 36. Rdg1 g5 37. Ke1 Ref8 38. Kd1 Ke8 39. a4 Kd7 40. Bd2 Be7 41. Be1 Ng7 42. b5 axb5 43. axb5 Ra8 44. b6 Ra1+ 45. Ke2 Rga8 46. Kf1 Qh3 47. Be2 Nf5 48. Kf2 Qh4+ 0-1

[Event "African Games-chT 2019"]
[Site "Casablanca"]
[Date "2019.08.25"]
[Round "7.22"]
[White "Osunfuyi, Abimbola"]
[Black "Sang, Ricky"]
[Result "1-0"]
[ECO "A20"]
[WhiteElo "2235"]
[BlackElo "1971"]
[Annotator "ChessBase"]
[PlyCount "39"]
[EventDate "2019.08.24"]
[EventType "team-tourn"]
[EventCountry "MAR"]
[SourceTitle "playchess.com"]
[Source "ChessBase"]
[SourceQuality "1"]
[WhiteTeam "Nigeria"]
[BlackTeam "Kenya"]
[WhiteTeamCountry "NGR"]
[BlackTeamCountry "KEN"]
[TimeControl "900+10"]

1. c4 e5 2. g3 Nf6 3. Bg2 c6 4. Nf3 d6 5. Nc3 Bf5 6. d3 Be7 7. Qb3 Qb6 8. Be3 Qc7 9. O-O O-O 10. h3 Nbd7 11. d4 exd4 12. Bxd4 h6 13. Rfe1 Ne4 14. Nxe4 Bxe4 15. Qe3 Bxf3 16. exf3 Bf6 17. Rad1 Ne5 18. b3 Rfe8 19. Qd2 Be7 20. f4 1-0

[Event "African Games-chT 2019"]
[Site "Casablanca"]
[Date "2019.08.25"]
[Round "7.23"]
[White "Ndirangu, Joyce Nyaruai"]
[Black "Ogbiyoyo, Perpetual Eloho"]
[Result "1-0"]
[ECO "A80"]
[WhiteElo "1662"]
[BlackElo "1831"]
[Annotator "NA"]
[PlyCount "67"]
[EventDate "2019.08.24"]
[EventType "team-tourn"]
[EventCountry "MAR"]
[SourceTitle "playchess.com"]
[Source "ChessBase"]
[SourceQuality "1"]
[WhiteTeam "Kenya"]
[BlackTeam "Nigeria"]
[WhiteTeamCountry "KEN"]
[BlackTeamCountry "NGR"]
[TimeControl "900+10"]

1. d4 f5 2. Bf4 Nf6 3. e3 g6 4. Be2 Bg7 5. h3 d6 6. Nf3 e6 7. c4 O-O 8. Nc3 h6 9. Qb3 Kh7 10. c5 d5 11. Nb5 Na6 12. Na3 Ne4 13. Bxa6 bxa6 14. c6 g5 15. Bh2 g4 16. Nd2 Qh4 17. Nxe4 fxe4 18. Bg3 Qg5 19. hxg4 Qxg4 20. Rh4 Qg5 21. O-O-O Qg6 22. Rdh1 Qe8 23. Qc2 Rf6 24. Bxc7 e5 25. Ba5 Rxc6 26. Bc3 exd4 27. exd4 Bxd4 28. Qd2 Bxc3 29. Rxh6+ Kg8 30. bxc3 Rxh6 31. Qxh6 Qe6 32. Qg5+ Kf7 33. Rh7+ Ke8 34. Qg7 1-0

[Event "African Games-chT 2019"]
[Site "Casablanca"]
[Date "2019.08.25"]
[Round "7.24"]
[White "Ofowino, Toritsemuwa"]
[Black "Mongeli, Sasha"]
[Result "1-0"]
[ECO "A45"]
[WhiteElo "1877"]
[BlackElo "1527"]
[Annotator "NA"]
[PlyCount "105"]
[EventDate "2019.08.24"]
[EventType "team-tourn"]
[EventCountry "MAR"]
[SourceTitle "playchess.com"]
[Source "ChessBase"]
[SourceQuality "1"]
[WhiteTeam "Nigeria"]
[BlackTeam "Kenya"]
[WhiteTeamCountry "NGR"]
[BlackTeamCountry "KEN"]
[TimeControl "900+10"]

1. d4 Nf6 2. Bf4 d5 3. e3 Bf5 4. c4 c6 5. Nc3 e6 6. Qb3 Qb6 7. c5 Qxb3 8. axb3 Nbd7 9. b4 Be7 10. b5 Ne4 11. bxc6 bxc6 12. Ba6 e5 13. Bg3 Nxg3 14. hxg3 Rb8 15. Ra2 exd4 16. exd4 Bf6 17. Nge2 h6 18. O-O O-O 19. Rd1 Rfe8 20. Bd3 Bxd3 21. Rxd3 Rb7 22. Kf1 Nf8 23. Nd1 Ne6 24. Ra6 Rc8 25. Ke1 Kf8 26. Kd2 Ke7 27. Kc3 Kd7 28. Ne3 Nc7 29. Ra2 g6 30. Ng4 Bg7 31. f4 f6 32. Kc2 h5 33. Ne3 Re8 34. Kd2 Reb8 35. Nd1 Nb5 36. Rb3 f5 37. Kd3 Re8 38. Ndc3 Reb8 39. Nxb5 cxb5 40. Ra6 Ke7 41. Rba3 Kf7 42. b4 Bf6 43. Rxa7 Rxa7 44. Rxa7+ Kg8 45. Nc3 Bg7 46. Nxd5 Rd8 47. Ne7+ Kh8 48. d5 Kh7 49. d6 Kh6 50. Rb7 Bf6 51. Nd5 Bb2 52. Rxb5 Rd7 53. Rb8 1-0

[Event "African Games-chT 2019"]
[Site "Casablanca"]
[Date "2019.08.25"]
[Round "7.25"]
[White "Beukes, Dante M"]
[Black "Marie, Patrick"]
[Result "1-0"]
[ECO "B31"]
[WhiteElo "2130"]
[BlackElo "1921"]
[Annotator "NA"]
[PlyCount "45"]
[EventDate "2019.08.24"]
[EventType "team-tourn"]
[EventCountry "MAR"]
[SourceTitle "playchess.com"]
[Source "ChessBase"]
[SourceQuality "1"]
[WhiteTeam "Namibia"]
[BlackTeam "Mauritius"]
[WhiteTeamCountry "NAM"]
[BlackTeamCountry "MRI"]
[TimeControl "900+10"]

1. e4 c5 2. Nf3 Nc6 3. Bb5 g6 4. Bxc6 bxc6 5. O-O Bg7 6. Re1 d6 7. h3 e6 8. c3 Ne7 9. d4 cxd4 10. cxd4 O-O 11. Nc3 Rb8 12. Rb1 c5 13. Be3 cxd4 14. Bxd4 Nc6 15. Bxg7 Kxg7 16. Qd2 Qc7 17. Rbc1 Qb6 18. Na4 Qb4 19. Rxc6 Qxa4 20. Qxd6 Qxa2 21. Qxb8 Bd7 22. Qe5+ f6 23. Qc7 1-0

[Event "African Games-chT 2019"]
[Site "Casablanca"]
[Date "2019.08.25"]
[Round "7.26"]
[White "Naipal, Hoolan"]
[Black "Eichab, Charles"]
[Result "0-1"]
[ECO "C05"]
[WhiteElo "1785"]
[BlackElo "2016"]
[Annotator "NA"]
[PlyCount "80"]
[EventDate "2019.08.24"]
[EventType "team-tourn"]
[EventCountry "MAR"]
[SourceTitle "playchess.com"]
[Source "ChessBase"]
[SourceQuality "1"]
[WhiteTeam "Mauritius"]
[BlackTeam "Namibia"]
[WhiteTeamCountry "MRI"]
[BlackTeamCountry "NAM"]
[TimeControl "900+10"]

1. e4 e6 2. d4 d5 3. Nd2 Nf6 4. e5 Nfd7 5. Bd3 c5 6. c3 Nc6 7. Ne2 Qb6 8. Nf3 f6 9. exf6 Nxf6 10. O-O Bd6 11. Bf4 Bxf4 12. Nxf4 O-O 13. Re1 cxd4 14. cxd4 Qxb2 15. Re2 Qb6 16. Nxe6 Bxe6 17. Rxe6 Rae8 18. Qe2 Nxd4 19. Nxd4 Qxd4 20. Re1 Ne4 21. Bxe4 dxe4 22. Rxe8 Rxe8 23. Qe3 Qxe3 24. Rxe3 Kf7 25. Kf1 Kf6 26. Ke2 Rc8 27. Rxe4 Rc2+ 28. Kf3 Rxa2 29. Rb4 Ra3+ 30. Ke4 b6 31. f4 Ra2 32. Kf3 Rd2 33. h3 Rd6 34. Ke4 a5 35. Rb5 Ke6 36. g4 Kd7 37. Ke5 Rc6 38. Rd5+ Ke7 39. f5 a4 40. h4 Rc5 0-1

[Event "African Games-chT 2019"]
[Site "Casablanca"]
[Date "2019.08.25"]
[Round "7.27"]
[White "Tjaronda, Nicola"]
[Black "Essoo, Uvika"]
[Result "1-0"]
[ECO "A10"]
[WhiteElo "1545"]
[BlackElo "1187"]
[Annotator "NA"]
[PlyCount "47"]
[EventDate "2019.08.24"]
[EventType "team-tourn"]
[EventCountry "MAR"]
[SourceTitle "playchess.com"]
[Source "ChessBase"]
[SourceQuality "1"]
[WhiteTeam "Namibia"]
[BlackTeam "Mauritius"]
[WhiteTeamCountry "NAM"]
[BlackTeamCountry "MRI"]
[TimeControl "900+10"]

1. c4 d5 2. cxd5 Qxd5 3. Nc3 Qd8 4. g3 e5 5. Bg2 Nc6 6. d3 Bd6 7. Nf3 Nge7 8. O-O Be6 9. a3 Qd7 10. Ne4 O-O-O 11. Nxd6+ cxd6 12. Qc2 Kb8 13. Be3 f5 14. Qa4 Rc8 15. Rac1 d5 16. Nxe5 Qc7 17. Nxc6+ bxc6 18. Bf4 Ka8 19. Bxc7 Rxc7 20. Rc5 Rb8 21. b4 Bd7 22. Qc2 Rb6 23. e4 Rb5 24. Rxb5 1-0

[Event "African Games-chT 2019"]
[Site "Casablanca"]
[Date "2019.08.25"]
[Round "7.28"]
[White "Beekhy, Aamirah"]
[Black "Mentile, Lishen"]
[Result "0-1"]
[ECO "D02"]
[WhiteElo "1373"]
[BlackElo "1513"]
[Annotator "NA"]
[PlyCount "91"]
[EventDate "2019.08.24"]
[EventType "team-tourn"]
[EventCountry "MAR"]
[SourceTitle "playchess.com"]
[Source "ChessBase"]
[SourceQuality "1"]
[WhiteTeam "Mauritius"]
[BlackTeam "Namibia"]
[WhiteTeamCountry "MRI"]
[BlackTeamCountry "NAM"]
[TimeControl "900+10"]

1. d4 d5 2. Nf3 Nf6 3. h3 Nc6 4. Bf4 h6 5. e3 a6 6. Be2 Bf5 7. O-O e6 8. a3 Bd6 9. Bxd6 cxd6 10. Nh4 Bh7 11. c4 dxc4 12. Bxc4 Ne4 13. Nf3 O-O 14. Nc3 d5 15. Bd3 Nf6 16. Qc2 Bxd3 17. Qxd3 Qd6 18. Rac1 Na5 19. Ne5 Rac8 20. Rfd1 Rc7 21. Na4 Rfc8 22. Qd2 Nb3 23. Rxc7 Rxc7 24. Qd3 Na5 25. Nc5 Nc6 26. f4 Qe7 27. Rc1 Nb8 28. b4 b6 29. Nb3 Rxc1+ 30. Nxc1 b5 31. Kf2 Qc7 32. Nb3 Ne4+ 33. Kf3 Nc6 34. Nd2 Nxe5+ 35. dxe5 Nxd2+ 36. Qxd2 Qc4 37. Kf2 Kf8 38. g4 Ke7 39. Kg3 Qe4 40. Qc1 Qc4 41. Qd2 f6 42. exf6+ Kxf6 43. h4 g6 44. Qf2 Qd3 45. g5+ hxg5 46. fxg5+ {[%emt 0:00:00] Qf5 Qxf5+ Kxf5 Kf3 e5 Kg3 d4 exd4 exd4 Kf3 d3 Ke3 Kg4 Kxd3 Kxh4 Ke3 Kxg5 Kf3 Kh4 Kg2 Kg4 Kf2 Kh3 Kg1 Kg3 Kh1 g5 Kg1 g4 Kh1 Kf2 Kh2 g3+ Kh1 g2+} 0-1

[Event "African Games-chT 2019"]
[Site "Casablanca"]
[Date "2019.08.25"]
[Round "7.29"]
[White "Mwale, Joseph"]
[Black "Asante Debesai Zerabruk"]
[Result "1-0"]
[ECO "E06"]
[WhiteElo "2231"]
[BlackElo "1712"]
[Annotator "ChessBase"]
[PlyCount "67"]
[EventDate "2019.08.24"]
[EventType "team-tourn"]
[EventCountry "MAR"]
[SourceTitle "playchess.com"]
[Source "ChessBase"]
[SourceQuality "1"]
[WhiteTeam "MAW"]
[BlackTeam "Eritrea"]
[BlackTeamCountry "ERI"]
[TimeControl "900+10"]

1. d4 Nf6 2. c4 e6 3. g3 d5 4. Bg2 Be7 5. Nf3 O-O 6. O-O c5 7. cxd5 Nxd5 8. Nc3 Nxc3 9. bxc3 Qc7 10. e4 Rd8 11. Bf4 Qa5 12. Qb3 b5 13. dxc5 Bxc5 14. Rad1 a6 15. Rxd8+ Qxd8 16. a4 Qb6 17. Nd4 Bd7 18. e5 Bc6 19. a5 Qc7 20. Rd1 Bxg2 21. Nxe6 fxe6 22. Qxe6+ Kf8 23. Qf5+ Kg8 24. Qe6+ Kf8 25. Qf5+ Kg8 26. Kxg2 Ra7 27. e6 Qe7 28. Bxb8 Qb7+ 29. f3 Qxb8 30. Qxc5 Rc7 31. Qd5 Kf8 32. Qf5+ Kg8 33. Qg5 Kf8 34. Rd8+ 1-0

[Event "African Games-chT 2019"]
[Site "Casablanca"]
[Date "2019.08.25"]
[Round "7.34"]
[White "Koualet-Bebondi, Vianney Archeveq"]
[Black "Traore, Bakary"]
[Result "0-1"]
[ECO "C20"]
[WhiteElo "1679"]
[BlackElo "2189"]
[Annotator "ChessBase"]
[PlyCount "76"]
[EventDate "2019.08.24"]
[EventType "team-tourn"]
[EventCountry "MAR"]
[SourceTitle "playchess.com"]
[Source "ChessBase"]
[SourceQuality "1"]
[WhiteTeam "CAF"]
[BlackTeam "Mali"]
[BlackTeamCountry "MLI"]
[TimeControl "900+10"]

1. e4 e5 2. Be2 Nf6 3. f3 Bc5 4. c3 Nc6 5. Nh3 d5 6. b4 Bb6 7. Ng5 h6 8. exd5 Nxd5 9. Ne4 Nf4 10. Bf1 Bf5 11. Na3 Bxe4 12. fxe4 Nxg2+ 13. Bxg2 Qh4+ 14. Ke2 Qf2+ 15. Kd3 Qxg2 16. Kc2 Qxe4+ 17. Kb2 O-O-O 18. Nc2 f5 19. a4 a5 20. b5 Ne7 21. Ra2 Rd3 22. Ne1 Qxh1 23. Qe2 Rd7 24. Qxe5 Qe4 25. Qg3 f4 26. Qf3 Qxe1 27. Qxf4 Rhd8 28. h4 Kb8 29. Kc2 Nd5 30. Qh2 Nf6 31. Kb1 Ne4 32. Qg2 Nxd2+ 33. Kc2 Ne4 34. Qg6 Qxc3+ 35. Kb1 Rd1 36. Rc2 Qb3+ 37. Rb2 Rxc1+ 38. Kxc1 Rd1# 0-1

[Event "African Games-chT 2019"]
[Site "Casablanca"]
[Date "2019.08.25"]
[Round "8.3"]
[White "Mwango, Lorita"]
[Black "Wafa, Shrook"]
[Result "1-0"]
[ECO "A88"]
[WhiteElo "1947"]
[BlackElo "2183"]
[Annotator "NA"]
[PlyCount "113"]
[EventDate "2019.08.24"]
[EventType "team-tourn"]
[EventCountry "MAR"]
[SourceTitle "playchess.com"]
[Source "ChessBase"]
[SourceQuality "1"]
[WhiteTeam "Zambia"]
[BlackTeam "Egypt"]
[WhiteTeamCountry "ZAM"]
[BlackTeamCountry "EGY"]
[TimeControl "900+10"]

1. c4 f5 2. Nc3 Nf6 3. g3 g6 4. Bg2 Bg7 5. Nf3 O-O 6. O-O d6 7. d4 c6 8. d5 e5 9. Bg5 h6 10. Bxf6 Qxf6 11. e4 c5 12. Nh4 f4 13. Nf3 g5 14. Nd2 g4 15. f3 h5 16. Ne2 Bh6 17. Qe1 Qg6 18. Kh1 Nd7 19. Rf2 Nf6 20. Rd1 Kh8 21. Qf1 Bd7 22. Ng1 gxf3 23. Bxf3 Ng4 24. Bxg4 hxg4 25. Qe1 Kg7 26. gxf4 Rxf4 27. Rg2 Raf8 28. Ne2 R4f6 29. Ng3 Bf4 30. Ndf1 Kf7 31. Qe2 Ke7 32. a3 Rh8 33. b4 b6 34. bxc5 bxc5 35. Rb1 Qg5 36. Rb7 Bxg3 37. Nxg3 Qc1+ 38. Rg1 Qxa3 39. Qxg4 Qf3+ 40. Qxf3 Rxf3 41. Nf5+ Kd8 42. Nxd6 Rfh3 43. Nf7+ Kc8 44. Nxh8 Kxb7 45. Ng6 Rh5 46. Nf8 Ba4 47. Rg7+ Ka6 48. d6 Rh3 49. Ne6 Kb6 50. d7 Bxd7 51. Rxd7 Re3 52. Rd6+ Ka5 53. Nxc5 Kb4 54. Nd3+ Kxc4 55. Nxe5+ Kc5 56. Rd5+ Kb6 57. Nc4+ 1-0

[Event "African Games-chT 2019"]
[Site "Casablanca"]
[Date "2019.08.25"]
[Round "8.4"]
[White "Wafa, Shahenda"]
[Black "Mululu Linah"]
[Result "1-0"]
[ECO "B40"]
[WhiteElo "2139"]
[BlackElo "1633"]
[Annotator "NA"]
[PlyCount "53"]
[EventDate "2019.08.24"]
[EventType "team-tourn"]
[EventCountry "MAR"]
[SourceTitle "playchess.com"]
[Source "ChessBase"]
[SourceQuality "1"]
[WhiteTeam "Egypt"]
[BlackTeam "Zambia"]
[WhiteTeamCountry "EGY"]
[BlackTeamCountry "ZAM"]
[TimeControl "900+10"]

1. e4 c5 2. Nf3 e6 3. c4 a6 4. d4 cxd4 5. Nxd4 Qc7 6. Nc3 Nf6 7. Qd3 b6 8. Be2 Bb7 9. O-O Be7 10. f4 d6 11. b3 Nbd7 12. Bf3 O-O 13. Be3 Rac8 14. Rac1 Qb8 15. b4 Rfe8 16. a3 Bd8 17. g4 Nf8 18. g5 N6d7 19. Nde2 Bc7 20. Ng3 d5 21. cxd5 Bxf4 22. Bxf4 Qxf4 23. Bh5 Qxg5 24. Bxf7+ Kh8 25. Bxe8 Rxe8 26. Qf3 Ne5 27. Qxf8+ 1-0

[Event "African Games-chT 2019"]
[Site "Casablanca"]
[Date "2019.08.25"]
[Round "8.5"]
[White "Zaibi, Amir"]
[Black "Bellahcene, Bilel"]
[Result "1-0"]
[ECO "A13"]
[WhiteElo "2367"]
[BlackElo "2550"]
[Annotator "ChessBase"]
[PlyCount "77"]
[EventDate "2019.08.24"]
[EventType "team-tourn"]
[EventCountry "MAR"]
[SourceTitle "playchess.com"]
[Source "ChessBase"]
[SourceQuality "1"]
[WhiteTeam "Tunisia"]
[BlackTeam "Algeria"]
[WhiteTeamCountry "TUN"]
[BlackTeamCountry "ALG"]
[TimeControl "900+10"]

1. c4 e6 2. Nf3 Nf6 3. g3 d5 4. Bg2 dxc4 5. Qa4+ c6 6. Qxc4 b5 7. Qc2 Bb7 8. O-O Nbd7 9. d4 c5 10. a4 b4 11. a5 Rc8 12. a6 Bxf3 13. Bxf3 cxd4 14. Qa4 Bd6 15. Bb7 Rc7 16. Bd2 Qe7 17. Qa5 Rc2 18. Qa4 Rc7 19. Qa5 Nb6 20. e3 O-O 21. exd4 Nfd5 22. Qb5 f5 23. f4 Qf6 24. Qd3 Rc4 25. Bxd5 exd5 26. Be3 Rc7 27. Nd2 Nc4 28. b3 Nxe3 29. Qxe3 Rc3 30. Qf2 Bc7 31. Nf3 Bb6 32. Kh1 Rfc8 33. Rae1 Rxb3 34. Qa2 Ra3 35. Qxd5+ Qf7 36. Qb7 Rd8 37. Re7 Qg6 38. Ne5 Qh6 39. Re8+ 1-0

[Event "African Games-chT 2019"]
[Site "Casablanca"]
[Date "2019.08.25"]
[Round "8.6"]
[White "Arab, Adlane"]
[Black "Boudriga, Mohamed Ali"]
[Result "1-0"]
[ECO "D37"]
[WhiteElo "2485"]
[BlackElo "2325"]
[Annotator "ChessBase"]
[PlyCount "101"]
[EventDate "2019.08.24"]
[EventType "team-tourn"]
[EventCountry "MAR"]
[SourceTitle "playchess.com"]
[Source "ChessBase"]
[SourceQuality "1"]
[WhiteTeam "Algeria"]
[BlackTeam "Tunisia"]
[WhiteTeamCountry "ALG"]
[BlackTeamCountry "TUN"]
[TimeControl "900+10"]

1. d4 Nf6 2. c4 e6 3. Nf3 d5 4. Nc3 Be7 5. Bf4 O-O 6. e3 b6 7. Bd3 dxc4 8. Bxc4 Bb7 9. O-O a6 10. Qe2 b5 11. Bd3 Nbd7 12. Rfd1 c5 13. dxc5 Bxc5 14. e4 b4 15. Na4 Be7 16. Rac1 Qa5 17. b3 Rfc8 18. h3 Rxc1 19. Rxc1 Rc8 20. Rxc8+ Bxc8 21. Qc2 Bb7 22. e5 Nd5 23. Bxh7+ Kh8 24. Be4 Nxf4 25. Bxb7 Nxe5 26. Nxe5 Qxe5 27. Qe4 Qa1+ 28. Kh2 Bd6 29. g3 Qxa2 30. Qf3 Nd3 31. Qxd3 Qxf2+ 32. Bg2 Be5 33. Qf3 Qe1 34. Qa8+ Kh7 35. Qe4+ Qxe4 36. Bxe4+ f5 37. Bb7 Bd4 38. Bc8 Kg6 39. Bxe6 Kf6 40. Bc4 Ke5 41. Bxa6 Ke4 42. Kg2 Ke3 43. Bc8 g6 44. Be6 Ke4 45. Bf7 g5 46. Bg6 Ke5 47. Kf3 Kf6 48. Bh7 Ke5 49. Ke2 g4 50. h4 Kf6 51. h5 1-0

[Event "African Games-chT 2019"]
[Site "Casablanca"]
[Date "2019.08.25"]
[Round "8.7"]
[White "Marzouk, Amira"]
[Black "Nassr, Lina"]
[Result "0-1"]
[ECO "D00"]
[WhiteElo "1698"]
[BlackElo "1938"]
[Annotator "NA"]
[PlyCount "78"]
[EventDate "2019.08.24"]
[EventType "team-tourn"]
[EventCountry "MAR"]
[SourceTitle "playchess.com"]
[Source "ChessBase"]
[SourceQuality "1"]
[WhiteTeam "Tunisia"]
[BlackTeam "Algeria"]
[WhiteTeamCountry "TUN"]
[BlackTeamCountry "ALG"]
[TimeControl "900+10"]

1. d4 d5 2. Bf4 Nf6 3. e3 e6 4. Nf3 c5 5. c3 Nc6 6. Nbd2 Bd6 7. Bg3 O-O 8. Bd3 b6 9. Ne5 Bb7 10. O-O Ne7 11. f4 Nf5 12. Bf2 Be7 13. Qe2 Nd6 14. Rfd1 Qc8 15. a4 a6 16. dxc5 bxc5 17. c4 Nfe4 18. cxd5 Nxf2 19. Qxf2 exd5 20. Rdc1 Qe6 21. Qe2 Rfc8 22. Ndf3 Bd8 23. Rc2 f6 24. f5 Nxf5 25. Bxf5 Qxf5 26. Nd3 Bb6 27. Rac1 c4 28. Nb4 Re8 29. Rc3 Kh8 30. Nc2 Qe4 31. Nd2 Qe7 32. Qf2 Rad8 33. Nd4 Ba5 34. Ra3 Bb4 35. Nf5 Qe5 36. Ra2 Bxd2 37. Qxd2 Qxf5 38. Rf1 Qe4 39. Rf4 Qb1+ 0-1

[Event "African Games-chT 2019"]
[Site "Casablanca"]
[Date "2019.08.25"]
[Round "8.8"]
[White "Latreche, Sabrina"]
[Black "Miladi, Amen"]
[Result "1/2-1/2"]
[ECO "B42"]
[WhiteElo "2064"]
[BlackElo "1811"]
[Annotator "NA"]
[PlyCount "153"]
[EventDate "2019.08.24"]
[EventType "team-tourn"]
[EventCountry "MAR"]
[SourceTitle "playchess.com"]
[Source "ChessBase"]
[SourceQuality "1"]
[WhiteTeam "Algeria"]
[BlackTeam "Tunisia"]
[WhiteTeamCountry "ALG"]
[BlackTeamCountry "TUN"]
[TimeControl "900+10"]

1. e4 c5 2. Nf3 e6 3. d4 cxd4 4. Nxd4 a6 5. Bd3 Nf6 6. Qe2 Qc7 7. O-O Nc6 8. Nxc6 dxc6 9. e5 Nd7 10. Re1 Nc5 11. Nc3 Nxd3 12. cxd3 Be7 13. d4 O-O 14. f4 Qb6 15. Be3 Qc7 16. Rac1 Rd8 17. Red1 Qa5 18. a3 b5 19. Ne4 Bb7 20. Qg4 Kh8 21. Qh5 Rf8 22. Bf2 Qd8 23. Rc3 Qd5 24. Rh3 Qxe4 25. Re1 Qf5 26. Qf3 f6 27. Rh5 Qg6 28. Rh3 Rab8 29. Rg3 Qf7 30. exf6 Bxf6 31. Qg4 Rfe8 32. Rd3 Rbd8 33. Red1 Rd5 34. Be3 Red8 35. b4 e5 36. fxe5 Bxe5 37. Bg5 Bf6 38. Bxf6 Qxf6 39. Rf1 Qe7 40. Rdf3 Bc8 41. Qh4 g5 42. Qh6 Kg8 43. Rf7 Qxf7 44. Rxf7 Kxf7 45. Qxh7+ Ke8 46. Qg8+ Kd7 47. Qf7+ Kd6 48. g3 Be6 49. Qf6 Re8 50. Qg7 Re7 51. Qf8 Kd7 52. Qb8 Re8 53. Qb7+ Kd8 54. Qxc6 Rd7 55. Qxa6 Bc4 56. Qa8+ Ke7 57. Qe4+ Kd8 58. Qa8+ Ke7 59. Qe4+ Kf8 60. Qf5+ Rf7 61. Qc5+ Ree7 62. h3 Rf1+ 63. Kg2 Kf7 64. g4 Rf6 65. Qxg5 Bf1+ 66. Kg3 Re2 67. Qd5+ Kg7 68. Qg5+ Kf7 69. Qd5+ Kf8 70. Qd8+ Kf7 71. Qd7+ Kg6 72. Qd5 Kg7 73. Qg5+ Kf7 74. Qd5+ Kg7 75. Qg5+ Kf7 76. Qd5+ Kg7 77. Qg5+ 1/2-1/2

[Event "African Games-chT 2019"]
[Site "Casablanca"]
[Date "2019.08.25"]
[Round "8.9"]
[White "Makoto, Rodwell"]
[Black "Adu, Oladapo"]
[Result "1-0"]
[ECO "A06"]
[WhiteElo "2373"]
[BlackElo "2273"]
[Annotator "NA"]
[PlyCount "99"]
[EventDate "2019.08.24"]
[EventType "team-tourn"]
[EventCountry "MAR"]
[SourceTitle "playchess.com"]
[Source "ChessBase"]
[SourceQuality "1"]
[WhiteTeam "Zimbabwe"]
[BlackTeam "Nigeria"]
[WhiteTeamCountry "ZIM"]
[BlackTeamCountry "NGR"]
[TimeControl "900+10"]

1. Nf3 d5 2. c4 c6 3. g3 Nf6 4. Bg2 Bf5 5. Qb3 Qb6 6. d3 e6 7. Be3 Qb4+ 8. Nbd2 Nbd7 9. O-O Be7 10. Qc2 O-O 11. a3 Qa5 12. b4 Qd8 13. cxd5 cxd5 14. Rfc1 Bd6 15. Nd4 Bg4 16. N2b3 a6 17. Na5 Qb8 18. Rab1 e5 19. Nf3 b6 20. Nc6 Qb7 21. a4 Rac8 22. b5 a5 23. h3 Be6 24. Bg5 Kh8 25. Bxf6 gxf6 26. Nd2 f5 27. Qa2 e4 28. Nf1 Ne5 29. Qb2 f6 30. Nd4 Qd7 31. Ne3 Rc5 32. Nxe6 Qxe6 33. Rxc5 bxc5 34. Qa2 c4 35. dxc4 dxc4 36. Qd2 Bb4 37. Qd5 Qc8 38. b6 Rd8 39. b7 Qc7 40. Qe6 Rf8 41. Qxf5 Qxb7 42. Bxe4 Qg7 43. Kg2 c3 44. Nd5 Ng6 45. Kh2 Ne7 46. Nxe7 Qxe7 47. Rd1 Rf7 48. e3 Qe5 49. Rd8+ Kg7 50. Qxh7# 1-0

[Event "African Games-chT 2019"]
[Site "Casablanca"]
[Date "2019.08.25"]
[Round "8.10"]
[White "Osunfuyi, Abimbola"]
[Black "Mushore, Emarald Takudzwa"]
[Result "1-0"]
[ECO "A14"]
[WhiteElo "2235"]
[BlackElo "2198"]
[Annotator "NA"]
[PlyCount "101"]
[EventDate "2019.08.24"]
[EventType "team-tourn"]
[EventCountry "MAR"]
[SourceTitle "playchess.com"]
[Source "ChessBase"]
[SourceQuality "1"]
[WhiteTeam "Nigeria"]
[BlackTeam "Zimbabwe"]
[WhiteTeamCountry "NGR"]
[BlackTeamCountry "ZIM"]
[TimeControl "900+10"]

1. c4 Nf6 2. g3 e6 3. Bg2 d5 4. Nf3 Be7 5. O-O O-O 6. b3 c5 7. cxd5 exd5 8. d4 Nc6 9. Bb2 Ne4 10. dxc5 Bxc5 11. e3 Be6 12. a3 Rc8 13. Nbd2 Nf6 14. Rc1 Be7 15. b4 a6 16. Nb3 Ne4 17. Nfd4 Nxd4 18. Nxd4 Rxc1 19. Qxc1 Qc8 20. Nxe6 Qxe6 21. Qc7 b5 22. Rc1 Bf6 23. Rc6 Qg4 24. f3 Qh5 25. Bxf6 Nxf6 26. Qf4 Qg6 27. e4 dxe4 28. fxe4 Qg4 29. Qxg4 Nxg4 30. Rxa6 g6 31. Ra5 Rc8 32. Bf3 Rc1+ 33. Kg2 Rc2+ 34. Kh3 Nf2+ 35. Kh4 h6 36. Rxb5 Kg7 37. Rc5 Rd2 38. Rc3 Nd3 39. h3 Ne5 40. g4 g5+ 41. Kg3 Ng6 42. e5 Nxe5 43. b5 Rb2 44. a4 Ra2 45. Bd1 Rd2 46. Bb3 Nd3 47. Rc2 Rd1 48. b6 Ne1 49. Rc3 Rd2 50. h4 Rd6 51. a5 1-0

[Event "African Games-chT 2019"]
[Site "Casablanca"]
[Date "2019.08.25"]
[Round "8.11"]
[White "Shaba, Linda"]
[Black "Ogbiyoyo, Perpetual Eloho"]
[Result "1-0"]
[ECO "A80"]
[WhiteElo "1615"]
[BlackElo "1831"]
[Annotator "NA"]
[PlyCount "123"]
[EventDate "2019.08.24"]
[EventType "team-tourn"]
[EventCountry "MAR"]
[SourceTitle "playchess.com"]
[Source "ChessBase"]
[SourceQuality "1"]
[WhiteTeam "Zimbabwe"]
[BlackTeam "Nigeria"]
[WhiteTeamCountry "ZIM"]
[BlackTeamCountry "NGR"]
[TimeControl "900+10"]

1. d4 f5 2. Nf3 Nf6 3. c4 e6 4. Nc3 Be7 5. g3 O-O 6. Bg2 d6 7. O-O c6 8. Qc2 Na6 9. a3 Qe8 10. Ng5 h6 11. Nf3 Qh5 12. b4 Bd7 13. b5 cxb5 14. cxb5 Nc7 15. a4 Rac8 16. Qb3 Ncd5 17. Nxd5 Nxd5 18. Bd2 f4 19. Rac1 fxg3 20. fxg3 Kh8 21. Qd3 Nf6 22. Nh4 Rf7 23. Ng6+ Kg8 24. Rxc8+ Bxc8 25. Bf3 Qf5 26. Nxe7+ Rxe7 27. Qb3 d5 28. Qc3 Bd7 29. Qc7 Ne4 30. Qd8+ Re8 31. Qxd7 Rf8 32. Bb4 Rf7 33. Qc8+ Kh7 34. Qc2 g6 35. Qb1 Ng5 36. Qxf5 Rxf5 37. Bg2 Rxf1+ 38. Kxf1 Kg7 39. h4 Nf7 40. Kf2 Kf6 41. e4 dxe4 42. Bxe4 b6 43. Ke3 g5 44. h5 e5 45. d5 g4 46. Bg6 Ng5 47. Bf8 Nf3 48. Bxh6 Nd4 49. Ke4 Ne2 50. d6 Ke6 51. Bf8 Nxg3+ 52. Ke3 Nf1+ 53. Kf2 Nd2 54. h6 Nc4 55. h7 Kf6 56. Bd3 Nb2 57. h8=Q+ Ke6 58. Bc2 Kd5 59. d7 Kc4 60. Qxe5 g3+ 61. Kxg3 a5 62. Qxb2 1-0